 Dungeon Crawl Stone Soup version 0.31-a0-705-ga145531891 (webtiles) character file.

Game seed: 17758773959789044400

956 Xavori the Sneak (level 8, -1/54 HPs)
             Began as an Octopode Chaos Knight on Sept 10, 2023.
             Was a Plaything of Xom.
             Slain by a gnoll sergeant
             ... wielding a +3 spear of chaos
              (2 damage)
             ... on level 6 of the Dungeon.
             The game lasted 00:04:16 (7029 turns).

Xavori the Sneak (Octopode Chaos Knight)            Turns: 7029, Time: 00:04:19

Health: -1/54      AC:  6    Str:  5    XL:     8   Next: 14%
Magic:  8/8        EV: 10    Int: 18    God:    Xom [*.....]
Gold:   301        SH: 10    Dex: 11    Spells: 7/7 levels left

rFire   + + +        s - +6 short sword "Oqeyplin" {heavy, rF+++ rCorr Str-5 Stlth+}
rCold   + . .        o - +2 kite shield {rPois}
rNeg    . . .        w - +0 hat
rPois   +            (no amulet)
rElec   +            h - ring of willpower
rCorr   +            l - +4 ring of protection
SInv    .            (no ring)
Will    +....        (no ring)
Stlth   +++++        (no ring)
HPRegen 0.29/turn    (no ring)
MPRegen 0.11/turn    (no ring)
                     (no ring)

%: no passive effects
@: mighty, resistant
A: almost no armour, amphibious, 8 rings, camouflage 1, gelatinous body 1,
(nimble swimmer 1), tentacles, fangs 1, tentacle spike 1, clever 1, clumsy 1,
mutation resistance 1, shaggy fur 1
a: Renounce Religion


You were on level 6 of the Dungeon.
You worshipped Xom.
You were a special plaything of Xom.
You visited 1 branch of the dungeon, and saw 6 of its levels.

You collected 301 gold pieces.

Inventory:

Hand Weapons
 a - a +0 short sword of chaos
 s - the +6 short sword "Oqeyplin" (weapon) {heavy, rF+++ rCorr Str-5 Stlth+}
   (You found it on level 4 of the Dungeon)

   Str-5:     It affects your strength (-5).
   rF+++:     It renders you almost immune to fire.
   rCorr:     It protects you from acid and corrosion.
   Stlth+:    It makes you more stealthy.
Armour
 o - a +2 kite shield of poison resistance (worn)
 w - a +0 hat (worn)
Jewellery
 h - a ring of willpower (left tentacle)
 l - a +4 ring of protection (right tentacle)
 z - an amulet of magic regeneration
Talismans
 B - a granite talisman
Wands
 m - a wand of digging (5)
 y - a wand of roots (4)
Scrolls
 b - a scroll of butterflies
 e - 4 scrolls of teleportation {unknown}
 f - 7 scrolls of identify {unknown}
 g - a scroll of blinking {unknown}
 i - a scroll of enchant armour {unknown}
 n - 2 scrolls of fear {unknown}
 r - a scroll of revelation {unknown}
 u - 2 scrolls of enchant weapon {unknown}
 x - a scroll of vulnerability {unknown}
 C - a scroll of fog {unknown}
Potions
 c - a potion of brilliance {unknown}
 d - a potion of degeneration {unknown}
 j - a potion of mutation {unknown}
 k - 2 potions of curing
 p - a potion of lignification {unknown}
 q - a potion of might
 t - a potion of attraction
 v - a potion of ambrosia {unknown}
 A - a potion of haste {unknown}


   Skills:
 + Level 4.5 Fighting
 + Level 5.2 Short Blades
 + Level 4.2 Dodging
 + Level 7.1 Stealth
 + Level 2.6 Shields
 * Level 1.6 Shapeshifting


You had 7 spell levels left.
You didn't know any spells.
Your spell library contained the following spells:

 Spells                   Type           Power      Damage    Failure   Level
 Inner Flame              Hex/Fire       0%         N/A       100%        3
 Ozocubu's Armour         Ice            0%         N/A       100%        3
 Flame Wave               Conj/Fire      0%         2d4       100%        4
 Sticky Flame             Conj/Fire      0%         2d3       100%        4
 Ozocubu's Refrigeration  Ice            0%         4d7       100%        7


Dungeon Overview and Level Annotations

Branches:
Dungeon (6/15)             Temple (0/1) D:5

Altars:
Hepliaklqana
Ru
Uskayaw
Xom

Annotations:
D:5 2 transporters


Innate Abilities, Weirdness & Mutations

You cannot wear most types of armour.
You are amphibious.
You can wear up to eight rings at the same time.
Your skin changes colour to match your surroundings (Stealth+).
Your rubbery body absorbs attacks. (AC +1, EV +1)
((You are camouflaged when in or above water. (Stealth+)))
You have tentacles for arms and can constrict up to eight enemies at once.
You have very sharp teeth.
One of your tentacles bears a spike.
Your mind is acute. (Int +4, Str/Dex -1)
You are clumsy. (Dex -2)
You are somewhat resistant to further mutation.
You are covered in fur. (AC +1)


Message History

You block the gnoll's attack.
The gnoll hits you from afar with a +0 spear.
The gnoll sergeant hits you from afar with a +0 spear.
The gnoll hits you but does no damage.
You puncture the gnoll!
You kill the gnoll!
You are engulfed in seething chaos.
You feel very mighty all of a sudden.
You constrict the gnoll.
The gnoll hits you from afar with a +0 spear.
The gnoll barely misses you.
The gnoll sergeant completely misses you.
The gnoll sergeant hits you from afar with a +0 spear!
The gnoll barely misses you. The gnoll completely misses you.
You are too injured to fight recklessly!
You release your grip on the gnoll.
The gnoll sergeant attacks as it pursues you!
The gnoll sergeant hits you from afar with a +0 spear!
* * * LOW HITPOINT WARNING * * *
The gnoll hits you from afar with a +0 spear.
* * * LOW HITPOINT WARNING * * *
You block the gnoll sergeant's attack.
The gnoll sergeant attacks as it pursues you!
The gnoll sergeant hits you from afar with a +0 spear.
* * * LOW HITPOINT WARNING * * *
It was a potion of might.
You feel mightier all of a sudden.
Xom is amused.
The gnoll hits you but does no damage.
The gnoll sergeant hits you from afar with a +0 spear.
* * * LOW HITPOINT WARNING * * *
It was a potion of curing.
You feel better.
Xom thinks this is hilarious!
Xom's power touches on a nearby weapon.
The gnoll sergeant's +0 spear erupts in a glittering mayhem of colour.
You block the gnoll's attack.
The gnoll sergeant hits you from afar with a +3 spear of chaos!
* * * LOW HITPOINT WARNING * * *
The gnoll sergeant freezes you.
You die...
Xom chortles!

... #..##........... .###
##...##..........
.....###..#.............
...........##...........
#.###.####.###..........
#.###.####.####.........
... ............#
#......... ...
.##.###.##..# ##.##.....
.... ...........## #@##
###...... .#.##.#.##.#
###g######.....
........##.#
#..g....(......
....#.#....#
#..............
..†...#.##.#
#.......§†.####
...†#...##.# #......))###
#.#†#.#.##(.............
......#....##............
.##.#.#.##.##.............#


You could see a gnoll sergeant and a gnoll.

Vanquished Creatures
  An ogre (D:4)
  A centaur (D:5)
  2 scorpions (D:6)
  5 hounds
  3 jellies
  An orc priest (D:3)
  Crazy Yiuf (D:2)
  A gnoll bouda (D:4)
  3 iguanas
  5 gnolls (D:6)
  11 adders
  2 worms
  4 dart slugs
  8 orcs
  4 bats
  9 endoplasms
  6 giant cockroaches
  6 hobgoblins
  8 jackals
  10 kobolds
  2 quokkas
  6 ball pythons
  2 frilled lizards
  10 goblins
  6 rats
117 creatures vanquished.

Vanquished Creatures (collateral kills)
  An endoplasm (D:1)
  A goblin (D:1)
2 creatures vanquished.

Grand Total: 119 creatures vanquished

Notes
Turn   | Place    | Note
-------+----------+-------------------------------------------
     0 | D:1      | Xavori the Octopode Chaos Knight began the quest for the
                  | Orb.
     0 | D:1      | Reached XP level 1. HP: 16/16 MP: 1/1
   232 | D:1      | XOM: noise
   286 | D:1      | Reached XP level 2. HP: 21/21 MP: 2/2
   436 | D:1      | XOM: god gift: silver javelin
   521 | D:1      | Reached XP level 3. HP: 26/26 MP: 3/3
   542 | D:1      | XOM: scenery: summon butterflies
   765 | D:1      | Found a faded altar of an unknown god.
  1465 | D:1      | XOM: scenery: 1 doors close
  1658 | D:1      | XOM: give mutations
  1658 | D:1      | Gained mutation: You are covered in fur. (AC +1) [Xom's
                  | mischief]
  1658 | D:1      | Gained mutation: You are somewhat resistant to further
                  | mutation. [Xom's mischief]
  1658 | D:1      | Gained mutation: You have very sharp teeth. [Xom's
                  | mischief]
  1730 | D:1      | XOM: give mutation
  1730 | D:1      | Gained mutation: Your mind is acute. (Int +4, Str/Dex -1)
                  | [Xom's grace]
  2096 | D:1      | XOM: god gift: 9 gold pieces
  2253 | D:1      | XOM: scenery: 1 doors open
  2256 | D:1      | XOM: scenery: 1 doors close
  2306 | D:1      | XOM: 1-stop teleportation journey
  2810 | D:1      | XOM: give mutations
  2810 | D:1      | Gained mutation: One of your tentacles bears a spike.
                  | [Xom's grace]
  2810 | D:1      | Gained mutation: You are partially covered in iridescent
                  | scales. (AC +2) [Xom's grace]
  3174 | D:2      | Found a runed translucent door.
  3175 | D:2      | Noticed Crazy Yiuf
  3247 | D:2      | XOM: enchant monster (bad)
  3301 | D:2      | Found a hide-covered altar of Uskayaw.
  3953 | D:2      | Killed Crazy Yiuf
  3954 | D:2      | Reached skill level 1 in Stealth
  3954 | D:2      | Reached XP level 4. HP: 20/33 MP: 4/4
  4054 | D:3      | XOM: noise
  4301 | D:3      | XOM: chaos upgrade
  4304 | D:3      | Reached skill level 2 in Stealth
  4452 | D:3      | Reached XP level 5. HP: 35/37 MP: 5/5
  4731 | D:3      | XOM is BORED!
  4960 | D:4      | Reached skill level 3 in Stealth
  4986 | D:4      | XOM: swap monsters
  5139 | D:4      | Reached XP level 6. HP: 43/43 MP: 6/6
  5166 | D:4      | XOM: 6-stop teleportation journey
  5201 | D:4      | Reached skill level 1 in Shields
  5229 | D:4      | Identified the +6 short sword "Oqeyplin" {heavy, rF+++
                  | rCorr Str-5 Stlth+}
  5308 | D:4      | Reached skill level 4 in Stealth
  5332 | D:4      | XOM: draining
  5334 | D:4      | XOM: summons 2 hostile shadow creatures
  5334 | D:4      | XOM: butterfly on damage
  5672 | D:5      | Entered Level 5 of the Dungeon
  5693 | D:5      | Found a transporter.
  5847 | D:5      | Reached XP level 7. HP: 48/48 MP: 7/7
  5866 | D:5      | Found a shimmering altar of Xom.
  5953 | D:5      | Found a sacrificial altar of Ru.
  5960 | D:5      | Reached skill level 5 in Stealth
  6168 | D:5      | Found a transporter.
  6221 | D:5      | Found a hazy altar of Hepliaklqana.
  6395 | D:5      | Found a staircase to the Ecumenical Temple.
  6570 | D:5      | XOM: give mutations
  6570 | D:5      | Gained mutation: You are mostly covered in iridescent
                  | scales. (AC +4) [Xom's mischief]
  6570 | D:5      | Lost mutation: You are mostly covered in iridescent scales.
                  | (AC +4) [Xom's mischief]
  6570 | D:5      | Lost mutation: You are partially covered in iridescent
                  | scales. (AC +2) [Xom's mischief]
  6570 | D:5      | Gained mutation: You are clumsy. (Dex -2) [Xom's mischief]
  6839 | D:6      | Reached skill level 6 in Stealth
  6900 | D:6      | Reached skill level 5 in Short Blades
  6967 | D:6      | Reached skill level 1 in Shapeshifting
  6967 | D:6      | Reached XP level 8. HP: 54/54 MP: 8/8
  6976 | D:6      | XOM: enchant monster (bad)
  6979 | D:6      | Reached skill level 7 in Stealth
  7019 | D:6      | XOM: chaos cloud
  7029 | D:6      | XOM: chaos upgrade
  7029 | D:6      | HP: 1/54 [gnoll sergeant/+3 spear of chaos (13)]
  7029 | D:6      | Slain by a gnoll sergeant

Illustrated notes

Levels and vault maps discovered:
D:1:      psy_arrival_radial01, layout_basic, serial_forest,
          infiniplex_forest_end_2, infiniplex_forest_clump_C,
          infiniplex_forest_straight_2, infiniplex_forest_lined_ring,
          infiniplex_forest_lined_room_2, infiniplex_forest_straight_5,
          hellmonk_ecumenical_altar_pennies_from_heaven, minmay_door_square,
          hex_tiny
D:2:      minmay_spotlight, layout_basic, basic_altar, kennysheep_doodads,
          kennysheep_generic_room_12, uniq_crazy_yiuf_cottage
D:3:      layout_loops_ring, serial_bayou, serial_bayou_pond_b,
          serial_bayou_lagoon_b, serial_bayou_pond_a, serial_bayou_pond_b
D:4:      layout_basic, minmay_joined_circles
D:5:      gammafunk_cloud_chamber, layout_basic, nicolae_overflow_crystal_walls,
          mainiacjoe_overflow_surrounded_room, lemuel_doored_altar,
          minmay_temple_entry_from_below_a
D:6:      layout_cave_pods, serial_park_tiny_2, minmay_diced_spiral

Skill      XL: |  1  2  3  4  5  6  7  8 |
---------------+-------------------------+-----
Stealth        | 1 2 3 4 6 7 |  7.1
Dodging        | 3 4 |  4.2
Short Blades   | 4 5 |  5.2
Fighting       | 4 |  4.5
Shields        | 2 |  2.6
Shapeshifting  | 1 |  1.6

Action                     |  1- 3 |  4- 6 |  7- 9 || total
---------------------------+-------+-------+-------++-------
  Melee: Short sword       |    86 |   127 |    46 ||   259
         Constrict         |    19 |    30 |    11 ||    60
         Tentacles         |    15 |    22 |     6 ||    43
         Punch             |     2 |       |     1 ||     3
         Kick              |     5 |    42 |    15 ||    62
         Bite              |     5 |     6 |     9 ||    20
    Use: Potion            |     1 |       |     2 ||     3
   Stab: Sleeping          |     4 |    11 |     6 ||    21
         Distracted        |       |     1 |       ||     1
 Armour: Skin              |    37 |    49 |    36 ||   122
  Dodge: Dodged            |    47 |    49 |    28 ||   124
  Block: Kite shield       |       |    54 |    28 ||    82

Table legend: (Time is in decaauts)
 A = Elapsed time spent in this place.
 B = Non-inter-level travel time spent in this place.
 C = Inter-level travel time spent in this place.
 D = Time resting spent in this place.
 E = Time spent auto-exploring this place.
 F = Levels seen in this place.
 G = Mean time per level.
                   A        B        C        D        E       F      G
               +--------+--------+--------+--------+--------+-----+--------+
         Total |   7052 |   6683 |    369 |   2550 |   3306 |   6 | 1175.3 |
       Dungeon |   7052 |   6683 |    369 |   2550 |   3306 |   6 | 1175.3 |
               +--------+--------+--------+--------+--------+-----+--------+

Top non-repeatable levels by time:
     D:1: 3102 daAuts
     D:5: 1028 daAuts
     D:2: 957 daAuts
     D:4: 947 daAuts
     D:3: 740 daAuts
     D:6: 275 daAuts
